 Dungeon Crawl Stone Soup version 0.20-a0-1018-ge435b50 (webtiles) character file.

2196 qqqbard the Carver (level 9, 0/79 HPs)
             Began as a Minotaur Berserker on Apr 17, 2017.
             Was an Elder of Trog.
             Slain by Grinder (4 damage)
             ... while paralysed by Grinder
             ... on level 6 of the Dungeon.
             The game lasted 00:08:07 (4541 turns).

qqqbard the Carver (Minotaur Berserker)             Turns: 4541, Time: 00:08:07

Health: 0/79       AC: 12    Str: 24    XL:     9   Next: 12%
Magic:  8/8        EV:  2    Int:  9    God:    Trog [****..]
Gold:   348        SH:  0    Dex: 11    Spells: 8/8 levels left

rFire    . . .     SeeInvis .   a - +0 falchion
rCold    . . .     Gourm    .   (no shield)
rNeg     . . .     Faith    .   y - +0 chain mail
rPois    .         Spirit   .   (helmet restricted)
rElec    .         Reflect  .   w - +0 cloak
rCorr    .         Harm     .   C - +0 pair of gloves
MR       .....                  (no boots)
Stlth    ..........             (no amulet)
Regen    0.3/turn               (no ring)
MPRegen  0.2/turn               (no ring)

@: paralysed, brilliant, exhausted, flying, drained
A: retaliatory headbutt, horns 2
a: Berserk, Trog's Hand, Brothers in Arms, Burn Spellbooks, Renounce Religion


You were on level 6 of the Dungeon.
You worshipped Trog.
Trog was greatly pleased with you.
You were very hungry.

You visited 1 branch of the dungeon, and saw 6 of its levels.
You also visited: Sewer.

You collected 348 gold pieces.

Inventory:

Hand Weapons
 a - a +0 falchion (weapon)
Armour
 w - a +0 cloak (worn)
 y - a +0 chain mail (worn)
 C - a +0 pair of gloves (worn)
Jewellery
 n - an uncursed ring of resist corrosion {unknown}
Wands
 i - a wand of confusion (29/48)
Scrolls
 d - 5 scrolls of remove curse
 g - a scroll of enchant weapon {unknown}
 j - 3 scrolls of blinking {unknown}
 k - 6 scrolls of identify {unknown}
 l - a scroll of random uselessness {unknown}
 m - 2 scrolls of teleportation
 p - a scroll of enchant armour {unknown}
 v - 2 scrolls of magic mapping
 B - a scroll of amnesia {unknown}
Potions
 b - a potion of haste {unknown}
 e - a potion of resistance {unknown}
 f - a potion of flight
 h - 4 potions of brilliance
 q - 3 potions of curing
 r - a potion of berserk rage {unknown}
 t - a potion of ambrosia {unknown}
 u - 3 potions of heal wounds {unknown}
 x - a potion of lignification {unknown}
 A - a potion of might {unknown}
Comestibles
 c - 5 bread rations
 o - 3 chunks of flesh
 s - 2 royal jellies
 z - 2 meat rations


   Skills:
 + Level 7.3(6.8) Fighting
 * Level 9.1(8.5) Long Blades
 + Level 6.3(5.8) Armour
 + Level 5.5(5.0) Dodging
 + Level 5.1(4.6) Unarmed Combat


You had 8 spell levels left.
You didn't know any spells.

Dungeon Overview and Level Annotations

Branches:
Dungeon (6/15)
 Temple: D:4-7

Altars:
Cheibriados
Elyvilon
Nemelex Xobeh
Ru
Sif Muna
Xom
Yredelemnul

Annotations:
D:6 Grinder


Innate Abilities, Weirdness & Mutations

You reflexively headbutt those who attack you in melee.
You have a pair of horns on your head.


Message History

Grinder closely misses you.
You closely miss Grinder. Your headbutt misses Grinder.
Grinder is moderately wounded.
Grinder gestures at you.
You suddenly lose the ability to move!
Grinder hits you but does no damage. Grinder hits you.
You writhe in agony.
* * * LOW HITPOINT WARNING * * *
Grinder hits you.
* * * LOW HITPOINT WARNING * * *
You writhe in agony.
* * * LOW HITPOINT WARNING * * *
Grinder hits you.
* * * LOW HITPOINT WARNING * * *
You writhe in agony.
* * * LOW HITPOINT WARNING * * *
Grinder hits you.
* * * LOW HITPOINT WARNING * * *
You writhe in agony.
You die...

#.# #.# #.#
######### #.#
#.......# #.#
#.#####.# #.# #.#
#...# #.#
#.###.#.####.#
#.#.......))@#
#.#####.####5#
#####.....#.#
#.#### ###
....#####.#.#
#.##5## ##..#
###.# #.#<#
#...#รท###.##.##..
#.# #.#.#
####.#5##))o..r#
#.# #.#.#
##.#oo###...#
#.#####.#.# ######
.#.# #.......#.#
.#


You could see Grinder.

Vanquished Creatures
  The ghost of fearitself the Ruffian, an amateur BaTm of Cheibriados (D:5)
  Sigmund (D:4)
  Edmund (D:6)
  An ice beast (D:6)
  A necrophage (D:3)
  A black bear (D:6)
  3 ogres
  2 crocodiles
  A scorpion (D:6)
  3 howler monkeys
  3 crimson imps
  A jelly (D:6)
  3 orc priests
  3 orc wizards
  Jessica (D:2)
  Natasha (twice) (D:4)
  Ijyb (D:4)
  3 iguanas
  5 worker ants
  2 howler monkey skeletons
  8 gnolls (D:5)
  3 adders
  5 river rats
  A shadow imp (D:6)
  An adder skeleton (D:4)
  2 dart slugs
  A worm (D:3)
  5 leopard geckos
  13 orcs
  4 giant cockroaches
  4 goblins
  8 hobgoblins
  9 jackals
  6 kobolds
  4 quokkas
  5 bats (Sewer)
  4 frilled lizards
  A quokka zombie (D:6)
  11 rats
134 creatures vanquished.

Vanquished Creatures (others)
  An orc wizard (D:6)
1 creature vanquished.

Grand Total: 135 creatures vanquished

Notes
Turn   | Place    | Note
-------+----------+-------------------------------------------
     0 | D:1      | qqqbard the Minotaur Berserker began the quest for the Orb.
     0 | D:1      | Reached XP level 1. HP: 19/19 MP: 0/0
   212 | D:1      | Reached XP level 2. HP: 27/27 MP: 1/1
   535 | D:2      | Reached skill level 4 in Long Blades
   723 | D:2      | Found a faded altar of an unknown god.
   921 | D:2      | Reached XP level 3. HP: 31/33 MP: 2/2
  1136 | D:2      | Noticed Jessica
  1139 | D:2      | Killed Jessica
  1139 | D:2      | Reached skill level 1 in Unarmed Combat
  1350 | D:3      | Found a white marble altar of Elyvilon.
  1499 | D:3      | Reached XP level 4. HP: 40/40 MP: 3/3
  1514 | D:3      | Reached ** piety under Trog
  1533 | D:3      | Found a glowing drain.
  1546 | Sewer    | Entered a sewer
  1582 | Sewer    | Noticed a crocodile
  1591 | Sewer    | Killed a crocodile
  1591 | Sewer    | Reached skill level 5 in Long Blades
  1591 | Sewer    | Reached XP level 5. HP: 31/47 MP: 4/4
  1780 | D:3      | Noticed a necrophage
  1792 | D:3      | Killed a necrophage
  1792 | D:3      | Reached XP level 6. HP: 44/53 MP: 5/5
  1921 | D:3      | Reached skill level 5 in Fighting
  2234 | D:4      | Noticed Sigmund
  2244 | D:4      | Killed Sigmund
  2244 | D:4      | Reached skill level 6 in Long Blades
  2320 | D:4      | Noticed Ijyb
  2329 | D:4      | Killed Ijyb
  2329 | D:4      | Reached XP level 7. HP: 59/59 MP: 6/6
  2367 | D:4      | Found a snail-covered altar of Cheibriados.
  2374 | D:4      | Noticed Natasha
  2383 | D:4      | Killed Natasha
  2473 | D:4      | Found a basalt altar of Yredelemnul.
  2507 | D:4      | Noticed Natasha
  2516 | D:4      | Killed Natasha
  2678 | D:4      | Found a deep blue altar of Sif Muna.
  2678 | D:4      | Found a sacrificial altar of Ru.
  2678 | D:4      | Found a sparkling altar of Nemelex Xobeh.
  2679 | D:4      | Found a shimmering altar of Xom.
  2834 | D:5      | Entered Level 5 of the Dungeon
  2907 | D:5      | Reached *** piety under Trog
  2932 | D:5      | Noticed fearitself's ghost (amateur BaTm)
  2951 | D:5      | Killed fearitself's ghost
  2951 | D:5      | Reached skill level 7 in Long Blades
  2951 | D:5      | Reached skill level 5 in Armour
  2951 | D:5      | Reached XP level 8. HP: 40/68 MP: 7/7
  3734 | D:6      | Reached skill level 5 in Dodging
  3749 | D:6      | Reached skill level 8 in Long Blades
  3759 | D:6      | Noticed Edmund
  3778 | D:6      | Killed Edmund
  4450 | D:6      | Reached XP level 9. HP: 67/77 MP: 8/8
  4478 | D:6      | Noticed Grinder
  4487 | D:6      | Reached skill level 9 in Long Blades
  4487 | D:6      | Reached skill level 5 in Unarmed Combat
  4496 | D:6      | Reached **** piety under Trog
  4536 | D:6      | Paralysed by Grinder for 5 turns
  4541 | D:6      | Slain by Grinder

Vault maps used:
D:1:      lemuel_arrival_funnel
D:2:      chequers_ecumenical_altar_island, kennysheep_jessica_study
D:3:      cheibrodos_pilgrimage, lemuel_round_altar, portal_sewer_entry_e,
          kennysheep_boxes
D:4:      kennysheep_slug_shrine, nicolae_overflow_crystal_walls,
          chequers_temple_overflow_statue_of_worship, first_bread, minivault_25,
          uniq_natasha, uniq_iyjb, uniq_sigmund
D:5:      minmay_misc_feat_doors
D:6:      lemuel_ratsnest, kennysheep_generic_room_16, uniq_edmund, uniq_grinder
Sewer:    sewer_big_baddie

Skill      XL: |  1  2  3  4  5  6  7  8  9 |
---------------+----------------------------+-----
Long Blades    | 4 5 6 7 8 9 |  9.1
Fighting       | 4 5 6 7 |  7.3
Armour         | 3 4 5 6 |  6.3
Unarmed Combat | 1 2 4 5 |  5.1
Dodging        | 3 4 5 |  5.5

Action                   |  1- 3 |  4- 6 |  7- 9 || total
-------------------------+-------+-------+-------++-------
Melee: Falchion          |    46 |   105 |   278 ||   429
       Headbutt          |     7 |    20 |    49 ||    76
       Punch             |       |       |     6 ||     6
Invok: Berserk           |       |     1 |     3 ||     4
       Trog's Hand       |       |     1 |     3 ||     4
  Use: Scroll            |     3 |     1 |       ||     4
       Potion            |       |       |     3 ||     3
  Eat: Chunk             |     2 |     4 |    10 ||    16
Armor: Animal skin       |     2 |       |       ||     2
       Ring mail         |    13 |    20 |       ||    33
       Scale mail        |       |    34 |    26 ||    60
       Chain mail        |       |       |   102 ||   102
Dodge: Dodged            |    28 |    60 |   106 ||   194
       Rpst.: Falchion   |     3 |    21 |    32 ||    56
